 Dungeon Crawl Stone Soup version 0.29.1-1-gd02db69 (webtiles) character file.

Game seed: 17652425203169418852

94 MajKong the Shield-Bearer (level 4, -2/44 HPs)
             Began as a Troll Fighter on Oct 21, 2022.
             Slain by a gnoll bouda
             ... wielding a +0 whip
              (9 damage)
             ... on level 3 of the Dungeon.
             The game lasted 00:07:35 (692 turns).

MajKong the Shield-Bearer (Troll Fighter)            Turns: 692, Time: 00:07:36

Health: -2/44      AC:  4    Str: 26    XL:     4   Next: 38%
Magic:  3/3        EV:  9    Int:  4    God:
Gold:   80         SH:  7    Dex:  9    Spells: 3/3 levels left

rFire   . . .      SeeInvis +     - Unarmed
rCold   . . .      Faith    .   b - +0 kite shield
rNeg    . . .      Spirit   .   a - +0 robe
rPois   .          Reflect  .   (helmet restricted)
rElec   .          Harm     .   (no cloak)
rCorr   .          Rampage  .   (gloves unavailable)
Will    .....                   (boots unavailable)
Stlth   +.........              (no amulet)
HPRegen 0.94/turn               d - ring of see invisible
MPRegen 0.08/turn               l - ring of wizardry

@: weakened
A: large, unfitting armour, claws 3, regeneration 1, shaggy fur 1, tough skin 1
a: no special abilities


You were on level 3 of the Dungeon.
You visited 1 branch of the dungeon, and saw 3 of its levels.

You collected 80 gold pieces.

Inventory:

Hand Weapons
 k - a +0 spear
 p - a +0 spear
Missiles
 r - 4 poisoned darts (quivered)
 t - 6 boomerangs
Armour
 a - a +0 robe (worn)
 b - a +0 kite shield (worn)
 q - the +2 cloak of Ehaihazo {Str+7}
   (You found it on level 3 of the Dungeon)

   Str:       It affects your strength (+7).
Jewellery
 d - a ring of see invisible (left claw)
 l - a ring of wizardry (right claw)
Wands
 n - a wand of polymorph (7)
Scrolls
 f - a scroll of magic mapping {unknown}
 g - a scroll of vulnerability {unknown}
 i - a scroll of blinking {unknown}
 j - a scroll of identify {unknown}
Potions
 e - 3 potions of heal wounds {unknown}
 h - a potion of curing {unknown}
 m - a potion of magic {unknown}
 o - a potion of ambrosia {unknown}
 s - a potion of flight {unknown}


   Skills:
 + Level 2.7 Fighting
 + Level 3.1 Dodging
 + Level 3.3 Shields
 + Level 3.0 Unarmed Combat


You had 3 spell levels left.
You didn't know any spells.
Your spell library was empty.

Dungeon Overview and Level Annotations

Branches:
Dungeon (3/15)

Altars:


Innate Abilities, Weirdness & Mutations

You are too large for most types of armour.
You have claws for hands.
Your natural rate of healing is unusually fast.
You are covered in fur. (AC +1)
You have tough skin. (AC +1)


Message History

You claw the rat!
You kill the rat!
A gnoll bouda comes into view. It is wielding a +0 whip.
The gnoll bouda shouts!
Things that are here:
a +0 spear; a gnoll corpse You claw the gnoll!
The gnoll is almost dead.
The gnoll bouda gazes fiercely through you!
You feel your attacks grow feeble.
A gnoll comes into view. It is wielding a +0 whip.
The gnoll closely misses you.
The gnoll bouda barks out a call to the hunt!
The gnolls pick up the pace!
The gnoll closely misses you.
The gnoll bouda gazes fiercely through you!
You feel as though you will be weak longer.
You scratch the gnoll bouda but do no damage.
The gnoll bouda closely misses you. The gnoll hits you with a +0 flail.
You scratch the gnoll bouda.
The gnoll bouda is lightly wounded.
You block the gnoll bouda's attack. The gnoll hits you with a +0 flail.
You scratch the gnoll bouda but do no damage.
The gnoll bouda is lightly wounded.
The gnoll barely misses you. You block the gnoll's attack.
The gnoll bouda barely misses you.
You scratch the gnoll bouda.
The gnoll bouda is lightly wounded.
You block the gnoll's attack. The gnoll closely misses you.
The gnoll bouda hits you with a +0 whip.
You scratch the gnoll bouda.
The gnoll bouda is moderately wounded.
The gnoll hits you with a +0 whip. The gnoll hits you with a +0 flail.
You block the gnoll bouda's attack.
You closely miss the gnoll bouda.
The gnoll bouda is moderately wounded.
The gnoll hits you with a +0 whip! The gnoll hits you with a +0 flail!
* * * LOW HITPOINT WARNING * * *
The gnoll bouda hits you with a +0 whip!
You die...

#################
#................
###...#...#...#...
#......[).@g......
#.#...#..g#g..#...
#.................
##
#.################
.. #.# #..# #.####
#..# #.## #....#
#.[# #...
####.######.)# ###
#......#..#
##########


You could see a gnoll bouda and 2 gnolls.

Vanquished Creatures
  An orc wizard (D:3)
  A gnoll (D:3)
  An adder (D:2)
  A worm (D:2)
  3 dart slugs
  4 orcs (D:3)
  2 bats
  4 endoplasms
  A giant cockroach (D:1)
  A goblin (D:2)
  4 hobgoblins
  4 quokkas
  3 ball pythons
  3 kobolds
  5 rats
38 creatures vanquished.

Notes
Turn   | Place    | Note
-------+----------+-------------------------------------------
     0 | D:1      | MajKong the Troll Fighter began the quest for the Orb.
     0 | D:1      | Reached XP level 1. HP: 22/22 MP: 0/0
    88 | D:1      | Reached XP level 2. HP: 27/29 MP: 1/1
   346 | D:2      | Reached XP level 3. HP: 36/36 MP: 2/2
   574 | D:3      | Identified the +2 cloak of Ehaihazo {Str+7}
   647 | D:3      | Reached XP level 4. HP: 39/44 MP: 3/3
   692 | D:3      | Slain by a gnoll bouda

Illustrated notes

Levels and vault maps discovered:
D:1:      dpeg_arrival_signposts, layout_basic, nicolae_ecumenical_lake_church
D:2:      layout_basic, columned_hall_lemuel
D:3:      layout_basic, lemuel_coloured_pillars_altar, minmay_misc_feat_pillars,
          minmay_misc_feat_square

Skill      XL: |  1  2  3  4 |
---------------+-------------+-----
Shields        | 3 |  3.3
Unarmed Combat | 3 |  3.0
Dodging        | 3 |  3.1
Fighting       | |  2.7

Action                   |  1- 3 |  4- 6 || total
-------------------------+-------+-------++-------
Melee: Unarmed           |   101 |    13 ||   114
  Use: Potion            |     1 |       ||     1
Armor: Robe              |    31 |     1 ||    32
Dodge: Dodged            |    33 |     8 ||    41
Block: Kite shield       |    30 |     4 ||    34
